 Dungeon Crawl Stone Soup version 0.29.0-4-gdea44cf6ec (webtiles) character file.

Game seed: 2329004482746157841

905 qw the Chopper (level 8, 0/49 HPs)
             Began as a Gargoyle Berserker on Sept 8, 2022.
             Was a Believer of Trog.
             Slain by an orc wizard
             ... wielding a +0 dagger
              (3 damage)
             ... on level 5 of the Dungeon.
             The game lasted 00:01:22 (4567 turns).

qw the Chopper (Gargoyle Berserker)                 Turns: 4567, Time: 00:01:23

Health: 0/49       AC: 19    Str: 23    XL:     8   Next: 8%
Magic:  2/2        EV:  7    Int:  8    God:    Trog [**....]
Gold:   260        SH:  0    Dex:  9    Spells: 7/7 levels left

rFire   . . .      SeeInvis .   Y - +2 hand axe (antimagic)
rCold   . . .      Faith    .   (no shield)
rNeg    + . .      Spirit   .   j - +0 plate armour
rPois   inf        Reflect  .   (no helmet)
rElec   +          Harm     .   i - +1 cloak
rCorr   +          Rampage  .   (no gloves)
Will    .....                   (no boots)
Stlth   ..........              (no amulet)
HPRegen 0.16/turn               d - ring of resist corrosion
MPRegen 0.08/turn               (no ring)

@: about to teleport, on berserk cooldown, slowed, very slow
A: sickness immunity, AC +5, negative energy resistance 1, electricity
resistance, torment resistance 1, petrification resistance
a: Renounce Religion, Berserk, Trog's Hand


You were on level 5 of the Dungeon.
You worshipped Trog.
Trog was pleased with you.
You visited 1 branch of the dungeon, and saw 5 of its levels.

You collected 260 gold pieces.


Innate Abilities, Weirdness & Mutations

You are immune to sickness and miasma.
Your stone body is resilient. (AC +5)
You are immune to poison.
You resist negative energy. (rN+)
You are resistant to electric shocks. (rElec)
You are resistant to unholy torment.
You are immune to petrification.


   Skills:
 - Level 5.0 Fighting
 + Level 7.3 Axes
 - Level 1.2 Throwing
 - Level 4.0 Armour
 - Level 1.5 Dodging


You had 7 spell levels left.
You didn't know any spells.
Your spell library was empty.

Inventory:

Hand Weapons
 l - a +0 flail
 Y - a +2 antimagic hand axe (weapon)
Missiles
 k - a boomerang (quivered)
Armour
 i - a +1 cloak (worn)
 j - a +0 plate armour (worn)
Jewellery
 d - a ring of resist corrosion (left hand)
Scrolls
 a - 2 scrolls of identify
Potions
 e - a potion of flight {unknown}
 g - 3 potions of curing
 h - a potion of degeneration {unknown}

Dungeon Overview and Level Annotations

Branches:
Dungeon (5/15)
 Temple: D:4-7

Altars:

Shops:
D:4 [


Message History

You are no longer berserk.
You are exhausted.
You feel yourself slow down. The orc priest barely misses you.
The orc priest hits you but does no damage.
You hit the orc priest.
The orc priest is lightly wounded.
The orc priest hits you but does no damage.
You hit the orc priest but do no damage.
The orc priest is lightly wounded.
The orc priest hits you but does no damage.
The orc priest barely misses you.
An orc wizard comes into view. It is wielding a +0 dagger.
4562 ||| Stepping ~*~*~tactically~*~*~ (stealth).
A hound comes into view.
The hound barks!
The orc wizard shouts!
The hound closely misses you. The hound bites you but does no damage.
You closely miss the hound. The hound bites you.
The hound bites you but does no damage.
You completely miss the orc priest.
The orc priest is lightly wounded.
You barely miss the hound.
The hound bites you but does no damage. x2
The orc priest calls down the wrath of Beogh upon you.
Beogh smites you!
4566 ||| READING scroll of teleportation.
As you read the scroll of teleportation, it crumbles to dust.
You feel strangely unstable. The hound bites you but does no damage.
The orc wizard completely misses you.
The orc priest looks satisfied for a moment.
The hound bites you but does no damage.
The orc wizard hits you with a +0 dagger.
The orc priest barely misses you. The hound bites you but does no damage.
You hit the orc priest.
The orc priest is moderately wounded.
You hit the orc wizard but do no damage.
You barely miss the hound. The hound bites you but does no damage.
The orc priest barely misses you.
The orc wizard hits you with a +0 dagger.
You die...

##. .##.#..##.#..# . #
..##....##....##.... ...
## #..##.#..##.#..##.#.
#....#.##..#.##..#.##..#
# # #....##....##....##..
#..#.##..#.##..#.##..#.##
#..##.#..##.#..##.#..#
##....##....##h...# ...
#...##.#$.##.#.@##.# #.
#. #.##).#)##oo# #
#....##))..##....# #.##o
#)##..#.##..# ..
#o#..##.#..# . ##.
..##....##..o. (# .##.#.
##.# .# . .# . # .. . .#


You could see a hound, an orc priest and an orc wizard.

Vanquished Creatures
  Sigmund (D:3)
  A black bear (D:4)
  A necrophage (D:4)
  2 scorpions (D:4)
  A jelly (D:4)
  A hound (D:4)
  3 orc priests
  3 iguanas (D:4)
  2 orc wizards (D:5)
  6 gnolls (D:4)
  4 adders
  2 worms (D:3)
  2 dart slugs
  16 orcs
  6 ball pythons
  3 bats
  7 endoplasms
  3 giant cockroaches
  4 goblins
  7 hobgoblins
  A quokka (D:3)
  A frilled lizard (D:3)
  11 kobolds
  4 rats
92 creatures vanquished.

Notes
Turn   | Place    | Note
-------+----------+-------------------------------------------
     0 | D:1      | qw the Gargoyle Berserker began the quest for the Orb.
     0 | D:1      | Reached XP level 1. HP: 14/14 MP: 1/1
     0 | D:1      | 0 ||| qw: Version: 0.1-a-112-g44dc6cd
     0 | D:1      | 0 ||| qw: Game counter: 6787
     0 | D:1      | 0 ||| qw: Always use a shield: true
     0 | D:1      | 0 ||| qw: Do Orc after D:15 true
     0 | D:1      | 0 ||| qw: Do second Lair branch before Depths: true
     0 | D:1      | 0 ||| qw: Lair rune preference: random
     0 | D:1      | 0 ||| qw: Plans: Normal
     0 | D:1      | 0 ||| PLANNING D:1-11
    20 | D:1      | Reached skill level 3 in Axes
    29 | D:1      | Reached XP level 2. HP: 11/19 MP: 2/2
   387 | D:1      | 387 ||| SWAPPING to +1 antimagic hand axe.
   388 | D:1      | 388 ||| DROPPING +0 hand axe.
   745 | D:1      | Reached XP level 3. HP: 23/23 MP: 1/3
   767 | D:1      | Found a faded altar of an unknown god.
  1086 | D:1      | 1086 ||| UPGRADING to +0 ring mail.
  1096 | D:1      | 1096 ||| DROPPING +0 animal skin.
  1097 | D:1      | 1097 ||| UPGRADING to +0 scale mail.
  1107 | D:1      | 1107 ||| DROPPING +0 ring mail.
  1108 | D:1      | 1108 ||| UPGRADING to ring of resist corrosion.
  1109 | D:1      | 1109 ||| DROPPING +6 ring of intelligence.
  1110 | D:1      | 1110 ||| READING scroll labelled GULINK VEUGEC.
  1113 | D:1      | 1113 ||| READING scroll labelled LAIROE ICROIDDOFU.
  1114 | D:1      | 1114 ||| DRINKING 2 fizzy purple potions.
  1165 | D:1      | 1165 ||| DROPPING potion of lignification.
  1246 | D:2      | 1246 ||| DROPPING +0 club.
  1890 | D:2      | 1890 ||| UPGRADING to +0 cloak.
  1895 | D:2      | 1895 ||| READING 2 scrolls labelled USTEOT YNAO.
  1896 | D:2      | 1896 ||| READING scroll labelled CUTYNT GIYTYKK.
  1897 | D:2      | 1897 ||| READING scroll labelled AFRUMAMMIUL.
  1898 | D:2      | 1898 ||| DRINKING 2 sedimented emerald potions.
  1964 | D:3      | 1964 ||| Stepping ~*~*~tactically~*~*~ (stealth).
  1981 | D:3      | Reached skill level 4 in Axes
  2034 | D:3      | 2034 ||| FLEEEEING.
  2035 | D:3      | 2035 ||| FLEEEEING.
  2036 | D:3      | 2036 ||| FLEEEEING.
  2049 | D:3      | 2049 ||| INVOKING Berserk.
  2194 | D:3      | Reached ** piety under Trog
  2204 | D:3      | Reached XP level 4. HP: 21/28 MP: 1/4
  2211 | D:3      | 2211 ||| FLEEEEING.
  2212 | D:3      | 2212 ||| FLEEEEING.
  2213 | D:3      | 2213 ||| FLEEEEING.
  2214 | D:3      | 2214 ||| FLEEEEING.
  2215 | D:3      | 2215 ||| FLEEEEING.
  2216 | D:3      | 2216 ||| FLEEEEING.
  2217 | D:3      | 2217 ||| FLEEEEING.
  2218 | D:3      | 2218 ||| FLEEEEING.
  2219 | D:3      | 2219 ||| FLEEEEING.
  2220 | D:3      | 2220 ||| FLEEEEING.
  2221 | D:3      | 2221 ||| FLEEEEING.
  2222 | D:3      | 2222 ||| FLEEEEING.
  2223 | D:3      | 2223 ||| FLEEEEING.
  2224 | D:3      | 2224 ||| STAIRDANCE
  2278 | D:3      | 2278 ||| STAIRDANCE
  2529 | D:3      | Noticed Sigmund
  2530 | D:3      | 2530 ||| Stepping ~*~*~tactically~*~*~ (hiding).
  2533 | D:3      | 2533 ||| INVOKING Berserk.
  2539 | D:3      | Killed Sigmund
  2540 | D:3      | Reached skill level 6 in Axes
  2540 | D:3      | Reached XP level 5. HP: 32/32 MP: 1/5
  2540 | D:3      | Reached XP level 6. HP: 37/37 MP: 2/6
  2917 | D:3      | 2917 ||| UPGRADING to +0 plate armour.
  2927 | D:3      | 2927 ||| DROPPING +0 scale mail.
  2928 | D:3      | 2928 ||| READING scroll labelled VUICUU YXUZO.
  2929 | D:3      | 2929 ||| READING 2 scrolls of identify.
  2929 | D:3      | 2929 ||| IDENTIFYING golden potion
  2930 | D:3      | 2930 ||| DROPPING potion of attraction.
  2994 | D:4      | Identified the +4 quarterstaff "Adun" {vorpal, Str+4 Int-5}
  3016 | D:4      | 3016 ||| INVOKING Berserk.
  3016 | D:4      | HP: 13/55 [iguana (10)]
  3021 | D:4      | Reached skill level 3 in Armour
  3328 | D:4      | Reached XP level 7. HP: 38/43 MP: 2/7
  3486 | D:4      | 3486 ||| INVOKING Berserk.
  3611 | D:4      | 3611 ||| Stepping ~*~*~tactically~*~*~ (stealth).
  3693 | D:4      | Found Hat Geme's Antique Armour Shop.
  3697 | D:4      | 3697 ||| INVOKING Berserk.
  3700 | D:4      | HP: 14/64 [orc priest/divine providence (17)]
  3706 | D:4      | HP: 10/64 [gnoll/+0 spear (5)]
  3970 | D:4      | 3970 ||| DROPPING +0 mace.
  4074 | D:4      | Reached skill level 7 in Axes
  4147 | D:4      | 4147 ||| Stepping ~*~*~tactically~*~*~ (stealth).
  4186 | D:4      | 4186 ||| INVOKING Berserk.
  4232 | D:4      | 4232 ||| Stepping ~*~*~tactically~*~*~ (stealth).
  4233 | D:4      | 4233 ||| Stepping ~*~*~tactically~*~*~ (stealth).
  4411 | D:4      | You fall into a shaft and drop 1 floor!
  4411 | D:5      | Entered Level 5 of the Dungeon
  4412 | D:5      | 4412 ||| READING scroll labelled LIEKOCVAO.
  4413 | D:5      | 4413 ||| READING 2 scrolls labelled YRACOIZ QISA.
  4414 | D:5      | 4414 ||| READING scroll of enchant armour.
  4414 | D:5      | 4414 ||| ENCHANTING +0 cloak.
  4415 | D:5      | 4415 ||| READING 2 scrolls labelled VIHUTYR LOPI.
  4416 | D:5      | 4416 ||| DROPPING scroll of fear.
  4545 | D:5      | 4545 ||| INVOKING Berserk.
  4547 | D:5      | Reached skill level 1 in Throwing
  4552 | D:5      | Reached XP level 8. HP: 24/49 MP: 2/8
  4562 | D:5      | 4562 ||| Stepping ~*~*~tactically~*~*~ (stealth).
  4565 | D:5      | HP: 5/49 [orc priest/divine providence (12)]
  4566 | D:5      | 4566 ||| READING scroll of teleportation.
  4567 | D:5      | Slain by an orc wizard

Levels and vault maps discovered:
D:1:      psy_arrival_terrarium, layout_basic, hellmonk_ecumenical_altar_run_dry
D:2:      layout_basic, dreamdust_mushroom_princess
D:3:      layout_rooms, uniq_sigmund
D:4:      layout_basic, serial_shops, nicolae_shop_advertising_works
          [nicolae_subvault_shop_adworks], hangedman_minor_gate_pass
D:5:      layout_basic, nicolae_eternal_life

Skill      XL: |  1  2  3  4  5  6  7 |
---------------+----------------------+-----
Axes           | 3 4 6 7 |  7.3
Armour         | 4 |  4.0
Fighting       | 4 5 |  5.0
Throwing       | 1 |  1.2
Dodging        | |  1.5

Action                   |  1- 3 |  4- 6 |  7- 9 || total
-------------------------+-------+-------+-------++-------
Melee: Hand axe          |    89 |    75 |    94 ||   258
       Punch             |     2 |       |       ||     2
Throw: Boomerang         |       |       |    15 ||    15
Invok: Berserk           |     1 |     2 |     4 ||     7
  Use: Scroll            |     5 |     2 |     5 ||    12
       Potion            |     2 |       |       ||     2
Armor: Animal skin       |    13 |       |       ||    13
       Scale mail        |    18 |    18 |       ||    36
       Plate armour      |       |    25 |    79 ||   104
Dodge: Dodged            |    37 |    22 |    35 ||    94

Table legend:
 A = Non-vault XP
 B = Vault XP
 C = Vault XP percentage of total XP
 D = Non-vault monster count
 E = Vault monster count
 F = Vault count percentage of total count
                 A         B        C        D         E       F
            +---------+---------+-------+---------+---------+-------
      Total |     870 |     424 |  32.8 |      84 |       8 |   8.7
            +---------+---------+-------+---------+---------+-------
        D:1 |      40 |       0 |   0.0 |      22 |       0 |   0.0
        D:2 |       9 |       0 |   0.0 |       5 |       0 |   0.0
        D:3 |      64 |     231 |  78.3 |      23 |       1 |   4.2
        D:4 |     599 |     193 |  24.4 |      28 |       7 |  20.0
        D:5 |     158 |       0 |   0.0 |       6 |       0 |   0.0
            +---------+---------+-------+---------+---------+-------
